 Dungeon Crawl Stone Soup version 0.30-a0-793-g160f7cfddd (webtiles) character file.

Game seed: 16240133413539284840

2018899 bakla the Hoplite (level 23, 223/223 HPs)
             Began as a Minotaur Fighter on Feb 20, 2023.
             Was a High Priest of Okawaru.
             Escaped with the Orb
             ... and 3 runes!
             The game lasted 01:05:46 (44504 turns).

bakla the Hoplite (Minotaur Fighter)               Turns: 44504, Time: 01:05:46

Health: 223/223    AC: 40    Str: 33    XL:     23   Next: 65%
Magic:  33/33      EV: 17    Int:  5    God:    Okawaru [*****.]
Gold:   2872       SH: 34    Dex: 20    Spells: 22/22 levels left

rFire   + . .      SeeInvis +    o - +9 broad axe (vamp)
rCold   + + +      Faith    .    V - +4 tower shield of the Cooper {Will+ Dex+4}
rNeg    . . .      Spirit   .    g - +12 crystal plate armour "Qigypin" {rPois}
rPois   +          Reflect  +    (helmet unavailable)
rElec   +          Harm     .    u - +0 cloak {rCorr}
rCorr   +          Rampage  .    y - +2 pair of gloves {Str+3}
Will    +++..                    M - +0 pair of boots of Darkness {rElec rC++ Slay-4 SInv} Stlth
                                 p - amulet of reflection
HPRegen 0.57/turn                R - ring of see invisible
MPRegen 0.23/turn                E - ring of Internal Strife {rF+ rC+ Dex+6}

@: no status effects
A: horns 3, retaliatory headbutt, clumsy 1, deformed body, strong-willed 1,
mutation resistance 1, screaming 1
0: Orb of Zot
}: 3/15 runes: decaying, serpentine, silver
a: Renounce Religion, Heroism, Finesse, Duel


You escaped.
You worshipped Okawaru.
Okawaru was extremely pleased with you.
You visited 9 branches of the dungeon, and saw 45 of its levels.
You also visited: Bailey.

You collected 7015 gold pieces.
You spent 4143 gold pieces at shops.

Inventory:

Hand Weapons
 c - the +8 frozen axe "Frostbite" {freeze, freezing cloud, *Noise Fly rC+}
   (You bought it in a shop on level 11 of the Dungeon)

   rC:        It protects you from cold.
   Fly:       It grants you flight.
   *Noise:    It may make noises in combat.
 o - a +9 vampiric broad axe (weapon)
Missiles
 s - 15 javelins (quivered)
 B - 5 silver javelins
Armour
 b - +6 gold dragon scales
 g - the +12 crystal plate armour "Qigypin" (worn) {rPois}
   (Okawaru gifted it to you on level 3 of the Lair of Beasts)

   rPois:     It protects you from poison.
 u - a +0 cloak of preservation (worn)
 v - the +1 pair of boots of Exclusion {Rampage rC- Will++}
   (Okawaru gifted it to you on level 4 of the Swamp)

   rC:        It makes you vulnerable to cold.
   Rampage:   It bestows one free step when moving towards enemies.
   Will:      It greatly increases your willpower.
 w - the +1 pair of gloves "Buduwoe" {rPois Str-3 Dex-4 SInv}
   (Okawaru gifted it to you on level 2 of the Snake Pit)

   Str:       It affects your strength (-3).
   Dex:       It affects your dexterity (-4).
   rPois:     It protects you from poison.
   SInv:      It lets you see invisible.
 y - a +2 pair of gloves of strength (worn)
 M - the +0 pair of boots of Darkness (worn) {rElec rC++ Slay-4 SInv}
   (Okawaru gifted it to you on level 1 of the Vaults)

   Slay:      It affects your accuracy & damage with ranged weapons and melee
   (-4).
   rC:        It greatly protects you from cold.
   rElec:     It insulates you from electricity.
   SInv:      It lets you see invisible.
 V - the +4 tower shield of the Cooper (worn) {Will+ Dex+4}
   (Okawaru gifted it to you on level 1 of the Realm of Zot)

   Dex:       It affects your dexterity (+4).
   Will:      It increases your willpower.
 W - a +1 pair of boots of flying
Jewellery
 l - a ring of protection from cold
 n - an amulet of reflection
 p - an amulet of reflection (around neck)
 E - the ring of Internal Strife (right hand) {rF+ rC+ Dex+6}
   (You took it off an ironbound convoker on level 5 of the Vaults)

   [ring of dexterity]

   Dex:       It affects your dexterity (+6).
   rF:        It protects you from fire.
   rC:        It protects you from cold.
 N - a +5 ring of evasion
 R - a ring of see invisible (left hand)
 S - a ring of poison resistance
 U - a +4 ring of protection
Wands
 k - a wand of roots (45)
 r - a wand of flame (61)
 L - a wand of digging (25)
 X - a wand of light (42)
Scrolls
 e - 22 scrolls of teleportation
 i - 2 scrolls of magic mapping
 j - 7 scrolls of amnesia
 q - 10 scrolls of fog
 C - 5 scrolls of fear
 D - 2 scrolls of enchant weapon
 I - 12 scrolls of poison
 K - a scroll of silence
 O - 3 scrolls of immolation
 Q - 28 scrolls of identify
 T - 7 scrolls of blinking
Potions
 a - 4 potions of magic
 d - 6 potions of might
 f - 13 potions of mutation
 h - 5 potions of haste
 t - 4 potions of invisibility
 x - 11 potions of flight
 z - 6 potions of cancellation
 A - 21 potions of curing
 F - 5 potions of brilliance
 G - 11 potions of attraction
 H - a potion of berserk rage
 J - 11 potions of heal wounds
 P - 5 potions of lignification
Miscellaneous
 m - a condenser vane
 Z - a phial of floods


   Skills:
 - Level 22.1 Fighting
 - Level 18.0 Axes
 - Level 15.0 Throwing
 - Level 21.9 Armour
 - Level 17.5 Dodging
 + Level 23.7 Shields
 - Level 15.0 Invocations


You had 22 spell levels left.
You didn't know any spells.
Your spell library contained the following spells:

 Spells                   Type           Power      Damage    Failure   Level
 Kiss of Death            Conj/Necr      0%         2d5       99%         1
 Necrotise                Necr           0%         1d4       99%         1
 Sandblast                Erth           0%         2d4       99%         1
 Shock                    Conj/Air       0%         1d3       99%         1
 Ensorcelled Hibernation  Hex/Ice        0%         N/A       100%        2
 Passwall                 Tmut/Erth      0%         N/A       100%        2
 Scorch                   Fire           0%         2d5       100%        2
 Confusing Touch          Hex            0%         N/A       100%        3
 Ignite Poison            Fire/Tmut/Pois 0%         N/A       100%        3
 Inner Flame              Hex/Fire       0%         N/A       100%        3
 Kindle Blastsparks       Fire/Tloc/Air  0%         2d10      100%        3
 Portal Projectile        Hex/Tloc       0%         N/A       100%        3
 Stone Arrow              Conj/Erth      0%         3d7       100%        3
 Swiftness                Air            0%         N/A       100%        3
 Vampiric Draining        Necr           0%         2d6       100%        3
 Airstrike                Air            0%         2d(0-16)  100%        4
 Dispel Undead            Necr           0%         3d6       100%        4
 Flame Wave               Conj/Fire      0%         2d4       100%        4
 Fulminant Prism          Conj/Hex       0%         3d5       100%        4
 Iskenderun's Mystic Bla  Conj/Tloc      0%         2d3       100%        4
 Passage of Golubria      Tloc           0%         N/A       100%        4
 Sticky Flame             Conj/Fire      0%         2d3       100%        4
 Agony                    Necr           0%         N/A       100%        5
 Alistair's Intoxication  Tmut/Pois      0%         N/A       100%        5
 Blade Hands              Tmut           0%         N/A       100%        5
 Borgnjor's Vile Clutch   Necr/Erth      0%         N/A       100%        5
 Freezing Cloud           Conj/Ice/Air   0%         6-21      100%        5
 Irradiate                Conj/Tmut      0%         3d11      100%        5
 Lee's Rapid Deconstruct  Erth           0%         3d4*      100%        5
 Lightning Bolt           Conj/Air       0%         1d11      100%        5
 Yara's Violent Unravell  Hex/Tmut       0%         3d3       100%        5
 Eringya's Noxious Bog    Tmut/Pois      0%         N/A       100%        6
 Iron Shot                Conj/Erth      0%         9d1       100%        6
 Dragon Form              Tmut           0%         N/A       100%        7
 Borgnjor's Revivificati  Necr           0%         N/A       100%        8
 Necromutation            Tmut/Necr      0%         N/A       100%        8
 Death's Door             Necr           0%         N/A       100%        9
 Tukima's Dance           Hex            Unusable   N/A       N/A         3
 Animate Armour           Summ/Erth      Unusable   N/A       N/A         4
 Summon Lightning Spire   Summ/Air       Unusable   N/A       N/A         4
 Summon Cactus Giant      Summ           Unusable   N/A       N/A         6

Dungeon Overview and Level Annotations

Branches:
Dungeon (15/15)            Temple (1/1) D:4            Lair (5/5) D:9
  Swamp (4/4) Lair:2        Snake (4/4) Lair:2        Slime (0/5) Lair:5
    Orc (2/2) D:9             Elf (0/3) Orc:2        Vaults (5/5) D:13
  Crypt (0/3) Vaults:3     Depths (4/4) D:15            Zot (5/5) Depths:4
 Bailey (visited)

Altars:
Ashenzari
Cheibriados
Dithmenos
Elyvilon
Fedhas
Gozag
Hepliaklqana
Kikubaaqudgha
Makhleb
Nemelex Xobeh
Okawaru
Ru
Trog
Uskayaw
Vehumet
Wu Jian
Xom
Zin
Jiyva
Lugonu

Shops:
D:2 (   D:3 (   D:4 [   D:9 [   D:11 (   Orc:1 (   Orc:2 ::=*   Snake:1 (*:
Snake:2 ?(![   Snake:3 !   Snake:4 [=::   Vaults:3 !   Vaults:4 =   Depths:1 ?*
Depths:4 [

Portals:
Hell: Depths:1 Depths:2 Depths:3 Depths:4
Abyss: Depths:3 Depths:4
Pandemonium: Depths:2 Depths:4
Ziggurat: Depths:2
Trove: Depths:1 (give +2 ice dragon scales)

Annotations:
D:11 3 runed translucent doors, timneilson's ghost, journeyman GrFi
Lair:5 exclusion: oklob plant
Snake:3 1 runed translucent door, Kemp's ghost, adept MiMo
Snake:4 6 transporters
Depths:3 1 runed translucent door
Zot:2 4 transporters, 3 runed translucent doors, Bucoetae's ghost, veteran OgBe; Gehih's ghost, veteran MiBe; Qaniympis's ghost, veteran DgEE; Voulohy's ghost, veteran TrCK
Zot:5 1 exclusion


Innate Abilities, Weirdness & Mutations

You have a pair of large horns on your head.
You reflexively headbutt those who attack you in melee.
You are clumsy. (Dex -2)
Armour fits poorly on your strangely shaped body.
You are strong-willed. (Will+)
You are somewhat resistant to further mutation.
You occasionally shout uncontrollably at your foes.


Message History

You reflect the arrow off an invisible shield around you!
The arrow misses the cherub.
The cherub shoots an arrow.
The arrow hits you but does no damage.
There is a stone staircase leading up here.
Your extra speed is starting to run out.
The cherub shoots an arrow.
You reflect the arrow off an invisible shield around you!
The arrow misses the cherub.
You climb upwards.
There is a stone staircase leading down here.
(D) Dungeon (T) Temple (L) Lair (S) Swamp (P) Snake Pit (M) Slime Pits (O) Orcish Mines (E) Elven Halls (V) Vaults (C) Crypt (U) Depths (H) Hell (Z) Zot
Where to? (Enter - D:4, ? - help)
You feel yourself slow down.
There is an open door here.
There is a stone staircase leading up here.
You climb upwards.
There is a stone staircase leading down here.
(D) Dungeon (T) Temple (L) Lair (S) Swamp (P) Snake Pit (M) Slime Pits (O) Orcish Mines (E) Elven Halls (V) Vaults (C) Crypt (U) Depths (H) Hell (Z) Zot
Where to? (Enter - D:3, ? - help)
There is a stone staircase leading up here.
You climb upwards.
There is a stone staircase leading down here.
(D) Dungeon (T) Temple (L) Lair (S) Swamp (P) Snake Pit (M) Slime Pits (O) Orcish Mines (E) Elven Halls (V) Vaults (C) Crypt (U) Depths (H) Hell (Z) Zot
Where to? (Enter - D:2, ? - help)
There is a stone staircase leading up here.
You climb upwards.
There is a stone staircase leading down here.
You enter the shallow water.
Moving in this stuff is going to be slow.
There is a staircase leading out of the dungeon here.
You have escaped!

#.###########........##.# ####
#.....####........##.##.# ...##
##.#...#####........#.##.#
###.##
#....##...#####..........# #
##.###.##.##.....###.....#.####
# ##.##.##.##........##...#.# #
#.##.####.........##.#.#.# #
##....####....♣....##.#.#.# #
##....^.##....@....###.#.#.#
###.########.........###.....#
[....# ###........##.###.###
####.## #..###.....##[# #.#
###...## #..#####...##.# #.#
##.###.###.....#####...# #.#
#.## ##....######*##.### #.#
..# #..### **#..# #.# #.##
##..# #.## #.#


There were no monsters in sight!

Vanquished Creatures
  An ancient lich (Zot:5)
  4 orbs of fire (Zot:5)
  Parghit (Depths:3)
  A Killer Klown (Zot:3)
  A curse toe (Arena)
  4 golden dragons
  Nikola (Swamp:1)
  A pandemonium lord (Zot:1)
  A bone dragon (Depths:4)
  An electric golem (Zot:5)
  11 tentacled monstrosities
  3 liches
  Rupert (Lair:4)
  23 Orb Guardians
  11 titans
  9 quicksilver dragons
  11 death cobs
  2 sphinxes
  The ghost of themarg the Arsonist, an adept DsFE of Ashenzari (Snake:2)
  Agnes (Snake:4)
  Frances (Swamp:1)
  2 thorn hunters
  The ghost of Kaleas the Brawler, an adept TrBe of Trog (Snake:2)
  2 shadow dragons
  9 storm dragons
  10 tengu reavers
  5 fire giants
  The ghost of Nitaif the Warrior, an adept GrFi of Ashenzari (Snake:2)
  A rockslime (Zot:5)
  A draconian monk (Zot:3)
  A ghost moth (Zot:1)
  3 draconian knights
  4 nagarajas (Snake:4)
  8 frost giants
  4 draconian scorchers
  A deep elf sorcerer (Vaults:5)
  21 vault wardens
  5 draconian shifters
  A balrug (Depths:4)
  23 ironbound preservers
  2 spriggan defenders (Depths:3)
  Aizul (Snake:3)
  4 orc warlords
  4 vampire knights
  A draconian annihilator (Zot:1)
  14 stone giants
  18 very ugly things
  A draconian stormcaller (Zot:5)
  2 war gargoyles
  6 ironbound thunderhulks
  A deep elf demonologist (Vaults:3)
  Nessos (D:13)
  The ghost of Ties the Spry, a journeyman SpEn of Wu Jian (Snake:2)
  14 black draconians
  5 dire elephants
  6 white draconians
  5 eleionomae
  6 green draconians
  8 yellow draconians
  9 red draconians
  8 bunyips
  A lorocyproca (Depths:2)
  8 purple draconians
  6 spark wasps
  A crystal guardian (Vaults:4)
  9 ettins
  A deep elf death mage (Vaults:3)
  10 fire dragons
  2 green deaths
  2 deep elf high priests (Vaults:5)
  9 yaktaur captains
  4 entropy weavers
  5 great orbs of eyes
  A spriggan zombie (Depths:3)
  3 rakshasas (Depths:1)
  10 ice dragons
  3 peacekeepers
  6 spriggan air magi
  A radroach (shapeshifter) (Vaults:5)
  A salamander tyrant (Snake:4)
  34 vault guards
  An ogre mage (Vaults:5)
  A spriggan skeleton (Depths:3)
  18 hydras
  A death knight (Vaults:3)
  A catoblepas (Lair:1)
  10 ironbound frosthearts
  An anaconda (shapeshifter) (Vaults:1)
  7 centaur warriors
  11 two-headed ogres
  13 naga warriors
  5 boulder beetles
  5 deep troll shamans
  A vampire mage (Depths:3)
  2 alligators
  3 anacondas
  Urug (Lair:2)
  4 deep troll earth magi
  9 naga sharpshooters
  4 hell hogs (Depths:3)
  4 hell knights (Depths:4)
  3 tengu warriors (D:13)
  3 shock serpents
  3 spriggan berserkers (Depths:3)
  2 sun demons
  10 orc high priests
  A skyshark (Lair:5)
  Nergalle (D:11)
  5 iron trolls
  3 salamander mystics (Snake:4)
  A bunyip zombie (Swamp:4)
  2 fire crabs
  5 goliath frogs
  2 sixfirhies
  51 deep trolls
  4 sea snakes (Snake:4)
  A bog body (Swamp:3)
  3 spriggan druids
  A large abomination (Zot:1)
  24 ironbound convokers
  11 swamp dragons
  4 glowing orange brains
  7 naga ritualists
  An obsidian statue (Zot:5)
  7 necromancers
  6 phantasmal warriors
  A steelbarb worm (shapeshifter) (Vaults:5)
  6 lindwurms
  11 orc knights
  7 wizards
  A harpy (Vaults:3)
  5 mana vipers
  3 deep elf pyromancers
  A deep elf zephyrmancer (D:15)
  Pikel (D:5)
  An orc sorcerer (Orc:1)
  2 manticores
  A mana viper (shapeshifter) (Vaults:5)
  8 cyclopes
  23 ugly things
  A salamander (shapeshifter) (Vaults:5)
  2 will-o-the-wisps
  An iron dragon skeleton (Depths:3)
  22 moths of wrath
  A moth of wrath (shapeshifter) (Vaults:5)
  12 salamanders
  7 elephants
  20 naga magi
  Maurice (D:9)
  A demonic crawler (Depths:3)
  2 torpor snails (Lair:1)
  2 molten gargoyles (Lair:5)
  4 guardian serpents
  A human skeleton (Vaults:1)
  2 rust devils
  37 black mambas
  11 cane toads
  17 vault sentinels
  An orange demon (Depths:4)
  Maggie (D:6)
  A centaur skeleton (D:15)
  A yaktaur zombie (Vaults:1)
  A kobold demonologist (D:12)
  7 komodo dragons
  Psyche (D:10)
  2 unseen horrors
  3 rime drakes
  An ice devil (Depths:2)
  3 freezing wraiths
  19 yaktaurs
  2 red devils
  A tengu conjurer (Depths:1)
  9 meliai
  A polar bear (Lair:3)
  A hydra zombie (Swamp:4)
  A bloated husk (Swamp:1)
  8 tyrant leeches
  A wolf spider simulacrum (D:15)
  6 trolls
  A tarantella (shapeshifter) (Vaults:5)
  8 hornets
  An alligator zombie (Swamp:4)
  15 blink frogs
  7 dream sheep
  A deep troll zombie (Vaults:1)
  34 slime creatures
  2 jumping spiders (Vaults:2)
  9 spriggans
  2 centaur simulacra (D:15)
  Sigmund (D:5)
  A ynoxinul (Depths:4)
  45 yaks
  10 wyverns
  6 shadows
  2 wraiths
  16 humans (D:13)
  6 basilisks
  A human (shapeshifter) (D:15)
  4 redbacks
  5 steam dragons
  16 vampire mosquitoes
  3 wargs
  3 acid dragons
  Duvessa (D:5)
  21 swamp worms
  56 nagas
  12 water moccasins
  A floating eye (Depths:4)
  4 hell hounds (Lair:5)
  14 swamp drakes
  24 orc warriors
  2 sky beasts
  3 black bears
  3 ice beasts (D:5)
  A boggart (Vaults:1)
  A tengu (shapeshifter) (D:13)
  27 centaurs
  7 ogres
  8 wolves
  A lemure (D:5)
  2 phantoms (D:9)
  Blork the orc (D:4)
  5 kobold brigands
  15 bullfrogs
  2 scorpions
  A gnoll sergeant (D:11)
  20 wights
  Dowan (D:5)
  4 killer bees (D:9)
  A troll zombie (D:9)
  2 howler monkeys
  2 electric eels
  5 lava snakes (Lair:5)
  3 hounds
  31 orc priests
  14 jellies
  23 orc wizards
  Terence (D:3)
  3 iguanas
  Ijyb (D:3)
  5 ogre zombies (D:9)
  5 gnolls
  9 adders
  A white imp (D:8)
  An ufetubus (D:5)
  A worm (D:3)
  4 dart slugs
  100 orcs
  5 endoplasms
  4 giant cockroaches
  10 goblins
  6 hobgoblins
  6 jackals
  5 quokkas
  5 ball pythons
  3 bats
  3 frilled lizards
  2 goblin skeletons (D:9)
  2 goblin zombies (D:9)
  A hobgoblin skeleton (D:9)
  2 hobgoblin zombies (D:9)
  19 kobolds
  2 orc skeletons (D:9)
  10 orc zombies (D:9)
  9 rats
  7 briar patches (Swamp:2)
  A fire vortex (Swamp:4)
1726 creatures vanquished.

Vanquished Creatures (others)
  A draconian knight (Depths:4)
  An alligator (Swamp:1)
  An elephant (Lair:2)
  An unseen horror (shapeshifter) (D:14)
  4 bloated husks
  A tyrant leech (Swamp:4)
  2 yaks (D:10)
  A swamp worm (Swamp:1)
  A hell hound (Lair:5)
  A swamp dragon zombie (Swamp:4)
  4 swamp drakes
  An alligator simulacrum (Swamp:4)
  A lava snake (Swamp:4)
  A briar patch (Swamp:2)
  13 foxfires
  15 fungi
  28 plants
77 creatures vanquished.

Grand Total: 1803 creatures vanquished

Notes
Turn   | Place    | Note
-------+----------+-------------------------------------------
     0 | D:1      | bakla the Minotaur Fighter began the quest for the Orb.
     0 | D:1      | Reached XP level 1. HP: 19/19 MP: 0/0
   200 | D:1      | Reached XP level 2. HP: 27/27 MP: 1/1
   285 | D:1      | Reached skill level 4 in Shields
   285 | D:1      | Reached XP level 3. HP: 33/33 MP: 2/2
   552 | D:1      | Found a faded altar of an unknown god.
   939 | D:2      | Found Xagholeu's Antique Weapon Emporium.
  1439 | D:2      | Reached XP level 4. HP: 39/40 MP: 3/3
  1495 | D:3      | Found Hunusm's Weapon Shoppe.
  1537 | D:3      | Noticed Terence
  1550 | D:3      | Killed Terence
  1682 | D:3      | Noticed Ijyb
  1685 | D:3      | Paralysed by Ijyb for 4 turns
  1691 | D:3      | Paralysed by Ijyb for 2 turns
  1696 | D:3      | Paralysed by Ijyb for 4 turns
  1708 | D:3      | Killed Ijyb
  1709 | D:3      | Reached XP level 5. HP: 40/47 MP: 4/4
  2110 | D:3      | Found a sparkling altar of Nemelex Xobeh.
  2234 | D:4      | Noticed an ogre
  2239 | D:4      | Killed an ogre
  2240 | D:4      | Reached skill level 5 in Axes
  2240 | D:4      | Reached XP level 6. HP: 55/55 MP: 5/5
  2282 | D:4      | Reached skill level 5 in Fighting
  2282 | D:4      | Reached skill level 5 in Armour
  2282 | D:4      | Reached skill level 5 in Shields
  2807 | D:4      | Reached XP level 7. HP: 61/61 MP: 6/6
  2849 | D:4      | Noticed Blork the orc
  2860 | D:4      | Killed Blork the orc
  2948 | D:4      | Found a staircase to the Ecumenical Temple.
  3005 | D:4      | Found Iraraext's Armour Emporium.
  3026 | Temple   | Entered the Ecumenical Temple
  3104 | Temple   | Became a worshipper of Warmaster Okawaru
  3258 | D:4      | Bought a +2 cloak for 214 gold pieces
  3544 | D:5      | Entered Level 5 of the Dungeon
  3590 | D:5      | Noticed Pikel
  3615 | D:5      | Killed Pikel
  3615 | D:5      | Reached * piety under Okawaru
  3616 | D:5      | Reached skill level 1 in Invocations
  3616 | D:5      | Reached XP level 8. HP: 58/70 MP: 6/8
  3719 | D:5      | Noticed Sigmund
  3725 | D:5      | Killed Sigmund
  4169 | D:5      | Noticed Dowan
  4173 | D:5      | Noticed Duvessa
  4187 | D:5      | Killed Duvessa
  4187 | D:5      | Reached ** piety under Okawaru
  4191 | D:5      | Killed Dowan
  4525 | D:6      | Noticed Maggie
  4545 | D:6      | Killed Maggie
  4546 | D:6      | Reached XP level 9. HP: 36/79 MP: 10/10
  5242 | D:6      | Reached skill level 10 in Axes
  5548 | D:6      | Identified 2 scrolls of acquirement
  5549 | D:6      | Acquired a +0 vampiric broad axe
  5553 | D:6      | Acquired 809 gold pieces
  5610 | D:7      | Found a flagged portal.
  5633 | Bailey   | Entered a bailey
  5652 | Bailey   | Gained mutation: You have a pair of large horns on your
                  | head. [potion of mutation]
  5652 | Bailey   | Gained mutation: Your body sometimes deteriorates upon
                  | taking damage. [potion of mutation]
  5652 | Bailey   | Gained mutation: Potions are less effective at restoring
                  | your health. [potion of mutation]
  5652 | Bailey   | Gained mutation: Your muscles are strong. (Str +4, Int/Dex
                  | -1) [potion of mutation]
  5667 | Bailey   | Reached *** piety under Okawaru
  6389 | Bailey   | Reached skill level 5 in Invocations
  6775 | Bailey   | Reached XP level 10. HP: 64/90 MP: 12/12
  7107 | D:7      | Reached **** piety under Okawaru
  7828 | D:8      | Received a gift from Okawaru
  7831 | D:8      | Reached ***** piety under Okawaru
  8050 | D:8      | Found the +5 robe of Night {Dark Will+ SInv}
  8278 | D:8      | Reached skill level 10 in Fighting
  8390 | D:8      | Reached XP level 11. HP: 89/99 MP: 13/15
  8527 | D:8      | Noticed a five-headed hydra
  8532 | D:8      | Killed an eight-headed hydra
  8669 | D:8      | Noticed a white ugly thing
  8684 | D:8      | Killed a white ugly thing
  9065 | D:9      | Reached skill level 10 in Armour
  9130 | D:9      | Noticed a two-headed ogre
  9135 | D:9      | Killed a two-headed ogre
  9142 | D:9      | Noticed Maurice
  9150 | D:9      | Killed Maurice
  9150 | D:9      | Received a gift from Okawaru
  9276 | D:9      | Found a staircase to the Orcish Mines.
  9488 | D:9      | Found a staircase to the Lair.
  9761 | D:9      | Found Votsin's Antique Armour Boutique.
  9975 | D:9      | Noticed a two-headed ogre
  9983 | D:9      | Killed a two-headed ogre
 10043 | D:10     | Entered Level 10 of the Dungeon
 10071 | D:10     | Noticed Psyche
 10078 | D:10     | Killed Psyche
 10211 | D:10     | Found an ancient bone altar of Kikubaaqudgha.
 10214 | D:10     | Found a glowing silver altar of Zin.
 10218 | D:10     | Reached ****** piety under Okawaru
 10232 | D:10     | Reached skill level 15 in Axes
 10233 | D:10     | Found a burning altar of Makhleb.
 10234 | D:10     | Found a snail-covered altar of Cheibriados.
 10237 | D:10     | Reached XP level 12. HP: 110/110 MP: 17/17
 10257 | D:10     | Found a blossoming altar of Fedhas.
 10257 | D:10     | Found a hazy altar of Hepliaklqana.
 10258 | D:10     | Found an ornate altar of the Wu Jian Council.
 10361 | D:10     | Found a broken altar of Ashenzari.
 10464 | D:10     | Identified the +6 battleaxe of Inflation {freeze, rC+
                  | Int+2} (Okawaru gifted it to you on level 10 of the
                  | Dungeon)
 10464 | D:10     | Received a gift from Okawaru
 10674 | Lair:1   | Entered Level 1 of the Lair of Beasts
 11069 | Lair:1   | Noticed a catoblepas
 11101 | Arena    | Entered the Arena
 11108 | Arena    | Received a gift from Okawaru
 11144 | Lair:1   | Killed a catoblepas
 11963 | Lair:2   | Found a staircase to the Snake Pit.
 11964 | Lair:2   | Noticed Urug
 11987 | Lair:2   | Killed Urug
 12014 | Lair:2   | Identified the +5 triple sword of Xeegrubo {vamp, rElec
                  | Dex+2} (Okawaru gifted it to you on level 2 of the Lair of
                  | Beasts)
 12014 | Lair:2   | Received a gift from Okawaru
 12247 | Lair:2   | Reached XP level 13. HP: 119/119 MP: 19/19
 12254 | Lair:2   | Found a staircase to the Swamp.
 13051 | Lair:3   | Identified the +12 crystal plate armour "Qigypin" {rPois}
                  | (Okawaru gifted it to you on level 3 of the Lair of Beasts)
 13051 | Lair:3   | Received a gift from Okawaru
 13068 | Lair:3   | Identified the +1 robe "Nuch" {Drain Int+6}
 13331 | Lair:3   | Found a dark tunnel.
 13737 | Lair:4   | Noticed Rupert
 13745 | Lair:4   | Killed Rupert
 13746 | Lair:4   | Reached skill level 10 in Invocations
 14370 | Lair:5   | Entered Level 5 of the Lair of Beasts
 14516 | Lair:5   | Found a staircase to the Slime Pits.
 14525 | Lair:5   | Found a viscous altar of Jiyva.
 14850 | Lair:5   | Reached XP level 14. HP: 114/133 MP: 20/20
 14906 | Lair:5   | Found a large runed translucent door.
 14906 | Lair:5   | Found a large runed translucent door.
 15703 | D:11     | Noticed Nergalle
 15706 | D:11     | Identified the +1 chain mail "Detruaf" {Dex+7} (Okawaru
                  | gifted it to you on level 11 of the Dungeon)
 15706 | D:11     | Received a gift from Okawaru
 15713 | D:11     | Killed Nergalle
 15831 | D:11     | Found Uggiof's Antique Weapon Shoppe.
 15847 | D:11     | Reached skill level 15 in Fighting
 15928 | D:11     | Found a runed translucent gate.
 15929 | D:11     | Found a runed translucent gate.
 15929 | D:11     | Found a runed translucent gate.
 15929 | D:11     | Found an opulent altar of Gozag.
 15931 | D:11     | Noticed timneilson's ghost (journeyman GrFi)
 16357 | D:12     | Reached skill level 15 in Armour
 16943 | D:13     | Noticed Nessos
 16943 | D:13     | Found a gate to the Vaults.
 16974 | D:13     | Killed Nessos
 17158 | D:13     | Identified the +2 long sword of the Shining Light {protect,
                  | rN++ Int+4 Stlth+}
 17421 | D:13     | Identified the +1 chain mail "Eschi" {Regen+ Str+4 Stlth+}
 17656 | D:13     | Received a gift from Okawaru
 17656 | D:13     | Found the +4 skin of Zhor {*Englaciate rC+++ SInv}
 17665 | D:13     | Found a white marble altar of Elyvilon.
 18639 | D:15     | Entered Level 15 of the Dungeon
 18680 | D:15     | Reached XP level 15. HP: 145/145 MP: 22/22
 19290 | D:15     | Found a staircase to the Depths.
 19366 | D:15     | Identified the +1 ring mail "Fasmem" {rN+} (Okawaru gifted
                  | it to you on level 15 of the Dungeon)
 19366 | D:15     | Received a gift from Okawaru
 19627 | Orc:1    | Entered Level 1 of the Orcish Mines
 19755 | Orc:1    | Found Qeacsaq's Antique Weapon Emporium.
 19997 | Orc:2    | Entered Level 2 of the Orcish Mines
 19997 | Orc:2    | Found a staircase to the Elven Halls.
 20004 | Orc:2    | Reached skill level 6 in Shields
 20239 | Orc:2    | Found Janusap's Jewellery Emporium.
 20406 | Orc:2    | Found Zofiph's Book Shop.
 20406 | Orc:2    | Found Wuemapnu's Book Emporium.
 20408 | Orc:2    | Reached skill level 7 in Shields
 20671 | Orc:2    | Found Areopn's General Store.
 20703 | Orc:2    | Bought 3 scrolls of teleportation for 126 gold pieces
 20703 | Orc:2    | Bought a scroll of magic mapping for 105 gold pieces
 20703 | Orc:2    | Bought a potion of might for 56 gold pieces
 20851 | D:11     | Bought the +8 frozen axe "Frostbite" {freeze, freezing
                  | cloud, *Noise Fly rC+} for 1976 gold pieces
 20851 | D:11     | Found the +8 frozen axe "Frostbite" {freeze, freezing
                  | cloud, *Noise Fly rC+}
 20981 | Swamp:1  | Entered Level 1 of the Swamp
 20981 | Swamp:1  | Noticed Nikola
 20991 | Swamp:1  | Killed Nikola
 20994 | Swamp:1  | Reached skill level 8 in Shields
 21145 | Swamp:1  | Reached skill level 1 in Dodging
 21276 | Swamp:1  | Noticed Frances
 21282 | Swamp:1  | Killed Frances
 21648 | Swamp:2  | Noticed a thorn hunter
 21663 | Swamp:2  | Killed a thorn hunter
 21845 | Swamp:2  | Received a gift from Okawaru
 21911 | Swamp:2  | You are sucked into a shaft and drop 1 floor!
 22006 | Swamp:3  | Reached XP level 16. HP: 122/155 MP: 24/24
 23028 | Swamp:3  | Reached skill level 9 in Shields
 23287 | Swamp:4  | Entered Level 4 of the Swamp
 23287 | Swamp:4  | Noticed a thorn hunter
 23454 | Swamp:4  | Killed a thorn hunter
 23573 | Swamp:4  | Reached skill level 10 in Shields
 23642 | Swamp:4  | Identified the +1 pair of boots of Exclusion {Rampage rC-
                  | Will++} (Okawaru gifted it to you on level 4 of the Swamp)
 23642 | Swamp:4  | Received a gift from Okawaru
 23670 | Swamp:4  | Reached skill level 11 in Shields
 23816 | Swamp:4  | Got a decaying rune of Zot
 24518 | Snake:1  | Entered Level 1 of the Snake Pit
 24548 | Snake:1  | Reached skill level 12 in Shields
 24652 | Snake:1  | Reached skill level 15 in Invocations
 24796 | Snake:1  | Reached skill level 13 in Shields
 24843 | Snake:1  | Found Sewar's General Store.
 24847 | Snake:1  | Found Qoploist's Antique Weapon Boutique.
 24851 | Snake:1  | Bought a phial of floods for 520 gold pieces
 24994 | Snake:1  | Found Liyzub's Tremendous Tomes.
 25154 | Snake:2  | Reached XP level 17. HP: 160/162 MP: 27/27
 25328 | Snake:2  | Reached skill level 14 in Shields
 25365 | Snake:2  | Found Sauguent's Magic Scroll Shop.
 25366 | Snake:2  | Found Hadu Vum's Weapon Shoppe.
 25376 | Snake:2  | Bought a scroll of enchant weapon for 97 gold pieces
 25376 | Snake:2  | Bought a scroll of enchant armour for 97 gold pieces
 25395 | Snake:2  | Found Gofik's Distillery.
 25395 | Snake:2  | Found Gaad's Armour Boutique.
 25403 | Snake:2  | Bought a potion of mutation for 88 gold pieces
 25403 | Snake:2  | Bought a potion of mutation for 88 gold pieces
 25403 | Snake:2  | Bought a potion of invisibility for 88 gold pieces
 25403 | Snake:2  | Bought a potion of invisibility for 88 gold pieces
 25426 | Snake:2  | Identified the +1 pair of gloves "Buduwoe" {rPois Str-3
                  | Dex-4 SInv} (Okawaru gifted it to you on level 2 of the
                  | Snake Pit)
 25426 | Snake:2  | Received a gift from Okawaru
 25490 | Snake:2  | Found a runed translucent gate.
 25491 | Snake:2  | Found a runed translucent gate.
 25492 | Snake:2  | Found a runed translucent gate.
 25493 | Snake:2  | Noticed Nitaif's ghost (adept GrFi)
 25493 | Snake:2  | Noticed Ties's ghost (journeyman SpEn)
 25494 | Snake:2  | Noticed themarg's ghost (adept DsFE)
 25495 | Snake:2  | Noticed Kaleas's ghost (adept TrBe)
 25702 | Snake:2  | Killed Kaleas's ghost
 25705 | Snake:2  | Killed themarg's ghost
 25711 | Snake:2  | Killed Nitaif's ghost
 25719 | Snake:2  | Killed Ties's ghost
 25720 | Snake:2  | Reached skill level 15 in Shields
 25902 | Snake:3  | Found Xuzisoam's Distillery.
 25913 | Snake:3  | Bought a potion of mutation for 120 gold pieces
 26035 | Snake:3  | Reached skill level 5 in Dodging
 26053 | Snake:3  | Found a runed translucent door.
 26054 | Snake:3  | Noticed Kemp's ghost (adept MiMo)
 26092 | Snake:3  | Noticed Aizul
 26115 | Snake:3  | Killed Aizul
 26245 | Snake:3  | Found a glowing silver altar of Zin.
 26369 | Snake:3  | Identified the +4 sling of Infinite Pain {freeze, rElec
                  | Dex+3}
 26604 | Snake:4  | Entered Level 4 of the Snake Pit
 26634 | Snake:4  | Found a transporter.
 26636 | Snake:4  | Found a transporter.
 26679 | Snake:4  | Found a transporter.
 26682 | Snake:4  | Found a transporter.
 26792 | Snake:4  | Noticed Agnes
 26805 | Snake:4  | Received a gift from Okawaru
 26811 | Snake:4  | Killed Agnes
 26909 | Snake:4  | Reached skill level 10 in Dodging
 26928 | Snake:4  | Found a transporter.
 26929 | Snake:4  | Found a transporter.
 26957 | Snake:4  | Found Vigariaxt's Book Emporium.
 26959 | Snake:4  | Found Xekid's Jewellery Shop.
 26960 | Snake:4  | Found Jocoun's Book Emporium.
 26993 | Snake:4  | Found Loqick's Antique Armour Boutique.
 27222 | Snake:4  | Received a gift from Okawaru
 27296 | Snake:4  | Got a serpentine rune of Zot
 27757 | Vaults:1 | Entered Level 1 of the Vaults
 27789 | Vaults:1 | Reached XP level 18. HP: 171/171 MP: 28/28
 27819 | Vaults:1 | Paralysed by a great orb of eyes for 4 turns
 27896 | Vaults:1 | Identified the +2 ring mail "Himana Xise" {Stlth+}
 27952 | Vaults:1 | Identified the +0 pair of boots of Darkness {rElec rC++
                  | Slay-4 SInv} (Okawaru gifted it to you on level 1 of the
                  | Vaults)
 27952 | Vaults:1 | Received a gift from Okawaru
 28939 | Vaults:1 | Reached skill level 16 in Shields
 29106 | Vaults:2 | Received a gift from Okawaru
 29896 | Vaults:2 | Reached XP level 19. HP: 181/181 MP: 29/29
 30164 | Vaults:2 | Identified the +2 pair of boots of the Sun {Rampage}
                  | (Okawaru gifted it to you on level 2 of the Vaults)
 30164 | Vaults:2 | Received a gift from Okawaru
 30364 | Vaults:3 | Found a staircase to the Crypt.
 30653 | Vaults:3 | Reached skill level 17 in Shields
 30685 | Vaults:3 | Found Ytoept's Distillery.
 30690 | Vaults:3 | Bought 2 potions of mutation for 240 gold pieces
 30690 | Vaults:3 | Bought a potion of mutation for 120 gold pieces
 30690 | Vaults:3 | Bought a potion of cancellation for 120 gold pieces
 30987 | Vaults:3 | Received a gift from Okawaru
 32352 | Vaults:4 | Reached skill level 15 in Dodging
 32363 | Vaults:4 | Identified the +2 scale mail "Wopt" {rF+} (Okawaru gifted
                  | it to you on level 4 of the Vaults)
 32363 | Vaults:4 | Received a gift from Okawaru
 32529 | Vaults:4 | Reached skill level 18 in Shields
 32709 | Vaults:4 | Reached XP level 20. HP: 162/193 MP: 30/30
 32917 | Vaults:4 | Found Vusmenoa's Jewellery Emporium.
 33954 | Vaults:5 | Entered Level 5 of the Vaults
 34100 | Vaults:5 | Received a gift from Okawaru
 34468 | Vaults:5 | Identified the +1 robe of Defence {rF+ Dex+3}
 34548 | Vaults:5 | Reached skill level 19 in Shields
 34563 | Vaults:5 | Identified the +7 broad axe "Ysyon" {venom, Dex+3} (Okawaru
                  | gifted it to you on level 5 of the Vaults)
 34563 | Vaults:5 | Received a gift from Okawaru
 34606 | Vaults:5 | Identified the ring of Internal Strife {rF+ rC+ Dex+6}
 34698 | Vaults:5 | Got a silver rune of Zot
 34699 | Vaults:5 | Identified the +1 short sword "Kausch" {flame, rF+++ rC-
                  | MP+9 SInv}
 35351 | Vaults:5 | Reached XP level 21. HP: 192/193 MP: 31/31
 35363 | Vaults:5 | Identified the +4 great sword "Wizylam" {holy, rC++ Str+3
                  | Int-3}
 35663 | Vaults:5 | Lost mutation: Your body sometimes deteriorates upon taking
                  | damage. [potion of mutation]
 35663 | Vaults:5 | Lost mutation: Your muscles are strong. (Str +4, Int/Dex
                  | -1) [potion of mutation]
 35663 | Vaults:5 | Lost mutation: You have a pair of large horns on your head.
                  | [potion of mutation]
 35663 | Vaults:5 | Gained mutation: You are somewhat resistant to further
                  | mutation. [potion of mutation]
 35663 | Vaults:5 | Gained mutation: Your magical capacity is low. (-10% MP)
                  | [potion of mutation]
 35664 | Vaults:5 | Lost mutation: Potions are less effective at restoring your
                  | health. [potion of mutation]
 35664 | Vaults:5 | Lost mutation: You are somewhat resistant to further
                  | mutation. [potion of mutation]
 35664 | Vaults:5 | Lost mutation: Your magical capacity is low. (-10% MP)
                  | [potion of mutation]
 35664 | Vaults:5 | Gained mutation: You occasionally shout uncontrollably at
                  | your foes. [potion of mutation]
 35664 | Vaults:5 | Gained mutation: You have a pair of large horns on your
                  | head. [potion of mutation]
 35664 | Vaults:5 | Gained mutation: You are somewhat resistant to further
                  | mutation. [potion of mutation]
 35877 | Depths:1 | Entered Level 1 of the Depths
 35905 | Depths:1 | You fall into a shaft and drop 1 floor!
 35905 | Depths:2 | Found a gateway to Hell.
 35905 | Depths:2 | Found a one-way gate leading to the halls of Pandemonium.
 35990 | Depths:1 | Received a gift from Okawaru
 36192 | Depths:1 | Found a portal to a secret trove of treasure.
 36549 | Depths:1 | Found Wyucuum's CLEARANCE SALE!.
 36610 | Depths:1 | Found Buryl's Magic Scroll Shoppe.
 37274 | Depths:2 | Found a one-way gateway to a ziggurat.
 37435 | Depths:2 | Received a gift from Okawaru
 37697 | Depths:3 | Reached skill level 20 in Shields
 37728 | Depths:3 | Noticed Parghit
 37747 | Depths:3 | Killed Parghit
 38017 | Depths:3 | Found a runed translucent door.
 38364 | Depths:3 | Identified the +0 ring mail "Niurphu" {rC++} (Okawaru
                  | gifted it to you on level 3 of the Depths)
 38364 | Depths:3 | Received a gift from Okawaru
 38719 | Depths:3 | Found a one-way gate to the infinite horrors of the Abyss.
 38801 | Depths:4 | Entered Level 4 of the Depths
 38806 | Depths:4 | Reached skill level 1 in Throwing
 38896 | Depths:4 | Found a hazy altar of Hepliaklqana.
 38959 | Depths:4 | Paralysed by a floating eye for 2 turns
 38968 | Depths:4 | Reached skill level 5 in Throwing
 39051 | Depths:4 | Found Byacyra's Armour Boutique.
 39286 | Depths:4 | Reached XP level 22. HP: 206/215 MP: 32/32
 39440 | Depths:4 | Found a corrupted altar of Lugonu.
 39495 | Depths:4 | Found a gate to the Realm of Zot.
 39495 | Depths:4 | Noticed a golden dragon
 39512 | Depths:4 | Killed a golden dragon
 39650 | Zot:1    | Entered Level 1 of the Realm of Zot
 40090 | Zot:1    | Identified the +4 tower shield of the Cooper {Will+ Dex+4}
                  | (Okawaru gifted it to you on level 1 of the Realm of Zot)
 40090 | Zot:1    | Received a gift from Okawaru
 40094 | Zot:1    | Reached skill level 10 in Throwing
 40769 | Zot:1    | Noticed a golden dragon
 40776 | Zot:1    | Killed a golden dragon
 41022 | Zot:2    | Found a transporter.
 41026 | Zot:2    | Found a transporter.
 41093 | Zot:2    | Found a runed translucent gate.
 41093 | Zot:2    | Found a runed translucent gate.
 41093 | Zot:2    | Found a runed translucent gate.
 41093 | Zot:2    | Noticed Bucoetae's ghost (veteran OgBe)
 41093 | Zot:2    | Noticed Gehih's ghost (veteran MiBe)
 41093 | Zot:2    | Noticed Qaniympis's ghost (veteran DgEE)
 41093 | Zot:2    | Noticed Voulohy's ghost (veteran TrCK)
 41215 | Zot:2    | Found a transporter.
 41230 | Zot:2    | Found a transporter.
 41320 | Zot:2    | Noticed a golden dragon
 41337 | Zot:2    | Killed a golden dragon
 41338 | Zot:2    | Reached skill level 21 in Shields
 41772 | Zot:3    | Noticed a Killer Klown
 41773 | Zot:3    | a Killer Klown changed into a titan
 41860 | Zot:3    | Noticed a curse toe
 41865 | Arena    | Entered the Arena
 41877 | Arena    | Killed a curse toe
 41910 | Zot:3    | Received a gift from Okawaru
 42284 | Zot:3    | Noticed a Killer Klown
 42312 | Zot:3    | Killed a Killer Klown
 42641 | Zot:4    | Received a gift from Okawaru
 42643 | Zot:4    | Identified the +4 chain mail of Fashionability {rC+ Dex+6}
 42726 | Zot:4    | Identified the +10 falchion of a bazaar {vamp, rElec Dex+2}
 42886 | Zot:4    | Reached skill level 22 in Shields
 42967 | Zot:4    | Reached XP level 23. HP: 201/223 MP: 33/33
 43222 | Zot:5    | Entered Level 5 of the Realm of Zot
 43464 | Zot:5    | Noticed an orb of fire
 43505 | Zot:5    | Killed an orb of fire
 43552 | Zot:5    | Noticed an ancient lich
 43560 | Zot:5    | Received a gift from Okawaru
 43570 | Zot:5    | Killed an ancient lich
 43660 | Zot:5    | Noticed an orb of fire
 43660 | Zot:5    | Noticed an orb of fire
 43667 | Zot:5    | Received a gift from Okawaru
 43672 | Zot:5    | Noticed a Killer Klown
 43674 | Zot:5    | Killed an orb of fire
 43686 | Zot:5    | Killed an orb of fire
 43694 | Zot:5    | Noticed an orb of fire
 43711 | Zot:5    | Gained mutation: You are strong-willed. (Will+) [an orb of
                  | fire]
 43716 | Zot:5    | Gained mutation: Armour fits poorly on your strangely
                  | shaped body. [an orb of fire]
 43718 | Zot:5    | Gained mutation: You are clumsy. (Dex -2) [an orb of fire]
 43719 | Zot:5    | Killed an orb of fire
 43719 | Zot:5    | a Killer Klown changed into a rockslime
 43720 | Zot:5    | Reached skill level 23 in Shields
 43733 | Zot:5    | Noticed a Killer Klown
 43799 | Zot:5    | Got the Orb of Zot
 43959 | Zot:1    | Noticed Duozas the pandemonium lord
 43978 | Zot:1    | Killed Duozas the pandemonium lord
 43985 | Zot:1    | Reached skill level 15 in Throwing
 44504 | D:$      | Escaped with the Orb!

Illustrated notes

Levels and vault maps discovered:
D:1:      spicycebolla_green_bress_n_ham, layout_loops_ring,
          hellmonk_ecumenical_altar_pennies_from_heaven
D:2:      layout_loops_ring, serial_shops, shop, grunt_ministairs_3
D:3:      layout_rooms, nemelex_dance_club_becter, serial_shops,
          nicolae_shop_bloodbath_and_beyond, minmay_starry_boxes, uniq_terence,
          uniq_ijyb
D:4:      cheibrodos_old_hovel, layout_gridville,
          minmay_temple_entry_glassed_door, serial_shops,
          nicolae_inconvenience_store, uniq_blork_the_orc
D:5:      layout_loops_corners, uniq_sigmund, uniq_pikel, uniq_duvessa
D:6:      layout_gridville, uniq_maggie
D:7:      layout_basic, enter_bailey_5
D:8:      nzn_winding_woodlands_three_and_one
          [nzn_winding_woodlands_5x15_zeroes, nzn_winding_woodlands_5x15_parted,
          nzn_winding_woodlands_5x15_split_checker,
          nzn_winding_woodlands_center_triple_pond], layout_rooms,
          chequers_jeans, hellmonk_guarded_unrand_night
D:9:      minmay_evil_eye, layout_small_grid, dpeg_oklobed_lair,
          zombieorc1_lemuel, serial_shops, nicolae_diamond_shop,
          kennysheep_generic_room_15, uniq_maurice
D:10:     layout_big_octagon, ashenzari_conservatory_becter,
          grunt_temple_overflow_open, serial_rivers,
          chequers_serial_rivers_room_a, chequers_serial_rivers_micro_b,
          chequers_serial_rivers_room_b, chequers_serial_rivers_small_b,
          chequers_serial_rivers_micro_e, uniq_psyche
D:11:     layout_long_grid, ebering_ghost_gozag, serial_shops,
          nicolae_shop_competitors_out_of_business, uniq_nergalle
D:12:     layout_irregular_city
D:13:     layout_roguey, david_vaults_3, nicolae_elyvilon_temple_path
D:14:     layout_long_grid, grunt_decor_cap, eino_small_chamber_without_monster
D:15:     grunt_enter_depths_magical_seal, layout_loops_ring, minivault_4
Temple:   oiseaux_autumnal_temple
Lair:1:   layout_layer_cave, minivault_23
Lair:2:   layout_chaotic_city, minmay_swamp_entry_reptiles,
          guppyfry_snake_entry_island, grunt_megastairs_2, uniq_urug
Lair:3:   layout_roguey, nicolae_volcano_entry_vermiform, lemuel_fruit_tree
Lair:4:   layout_cave_pods, fungi_pond_lemuel, uniq_rupert
Lair:5:   cheibrodos_lair_end_hotspot, layout_misc_corridors,
          minmay_slime_entry_jelly_boxes
Swamp:1:  layout_falls_marsh, evilmike_swamp_ruin_house_4,
          infiniplex_staircase_pool, uniq_frances, uniq_nikola
Swamp:2:  layout_falls_marsh, evilmike_swamp_ruin_rubble_1, worms_lemuel
Swamp:3:  layout_falls_marsh, evilmike_swamp_ruin_rubble_2, swamp_pool5,
          nicolae_swamp_little_swirl
Swamp:4:  swamp_fiery, layout_basic_swamp, nicolae_swamp_necromancer_hut
Snake:1:  layout_onion_interference, nicolae_shop_i_like_big_books,
          minmay_shop_star, grunt_megastairs_3
Snake:2:  layout_rooms, gammafunk_ghost_cemetery, serial_corexii_hall,
          corexii_hall_statues_deadend, corexii_hall_statues_t,
          nicolae_snake_serpentine_bazaar
Snake:3:  layout_misc_corridors, ebering_ghost_reflecting_pool, basic_altar,
          serial_shops, shop_fountains, uniq_aizul
Snake:4:  minmay_snake_end_coiled, layout_cave_town, serial_shops,
          nicolae_shop_waterfront, drop_trap, serial_nicolae_subway,
          nicolae_sub_station_crystal, nicolae_sub_station_metal,
          nicolae_sub_station_stone, minmay_shop_grove, serial_bayou_shore_a,
          uniq_agnes
Orc:1:    layout_caves, serial_shops, shop
Orc:2:    st_orc_town, layout_diamond_mine
Vaults:1: portal_desolation_entry_nicolae_slug, ontoclasm_vaults_hangar,
          nicolae_vaults_mini_display_case, nicolae_vaults_network_star,
          v_misc_31, v_misc_22, v_rooms_6, vaults_room_stairs_pillars,
          nicolae_vaults_little_squares_3, grunt_vaults_funnel, v_alt_pattern_1,
          layout_vaults_omnicross
Vaults:2: v_misc_22, ontoclasm_vaults_shout, nicolae_vaults_little_squares_4,
          v_alt_pattern_1, v_alt_pattern_2, vaults_mumra_hex,
          vaults_dpeg_emergency_exit, layout_vaults_omnigrid
Vaults:3: minmay_crypt_entry_simple_statues, v_misc_1,
          nicolae_vaults_yaktaur_gun_rack, grunt_vaults_hallway_short,
          v_alt_pattern_3, v_misc_2, v_misc_3, v_misc_29, v_rooms_3,
          ontoclasm_vaults_fault, v_misc_8, vaults_mumra_bighexcomb,
          layout_vaults_omnibox, serial_shops, shop
Vaults:4: st_octagons_2, v_alt_pattern_3, hangedman_vaults_maws,
          ontoclasm_vaults_eye, nicolae_vaults_network_periphery,
          hangedman_vaults_nodes, vaults_room_grid, vaults_room_large_hall,
          v_rooms_1, hangedman_vaults_nails, nicolae_vaults_little_squares_1,
          layout_vaults_big_room, serial_shops, nicolae_shop_hallway_plus
Vaults:5
Depths:1: layout_small_grid, nicolae_trove_entry_free_sample,
          grunt_hell_entry_dis_mu, serial_shops, shop, nicolae_shop_clearance
Depths:2: minmay_angry_zag, layout_basic, enter_ziggurat_b,
          rand_demon_pan_entry_8, hell_entry, hangedman_decor_slide_cut
Depths:3: mu_elemental_laboratory, layout_basic, hangedman_decor_lopped,
          abyss_entry, hell_entry, uniq_parghit
Depths:4: grunt_twist_and_shout, layout_cave_shapes, hell_entry,
          rand_demon_pan_entry_5, abyss_entry_flame_altar, serial_shops,
          nicolae_shop_hallway_plus, nicolae_hepliaklqana_hazy_memory
Zot:1:    layout_misc_corridors, st_single_dragon_hoard_4,
          hangedman_zot_decor_slant, grunt_megastairs_1
Zot:2:    layout_misc_corridors, gammafunk_ghost_cemetery,
          nicolae_transporter_circle
Zot:3:    layout_cellular_growth, hangedman_zot_wheel_spokes
Zot:4:    layout_onion
Zot:5:    layout_misc_corridors

Skill      XL: |  1  2  3  4  5  6  7  8  9 10 11 12 13 14 15 16 17 18 19 20 21 22 23 |
---------------+----------------------------------------------------------------------+-----
Axes           | 3 4 5 6 7 9 11 13 15 16 18 | 18.0
Fighting       | 4 5 6 7 8 10 11 12 14 16 17 18 20 21 22 | 22.1
Shields        | 4 5 8 13 15 16 18 19 20 22 23 | 23.7
Armour         | 4 5 6 7 8 9 11 12 14 16 17 18 20 21 | 21.9
Invocations    | 1 3 5 6 8 9 10 13 15 | 15.0
Dodging        | 3 12 13 15 16 17 | 17.5
Throwing       | 7 13 15 | 15.0

Action                     |  1- 3 |  4- 6 |  7- 9 | 10-12 | 13-15 | 16-18 | 19-21 | 22-24 || total
---------------------------+-------+-------+-------+-------+-------+-------+-------+-------++-------
  Melee: War axe           |    79 |   122 |   176 |       |       |       |       |       ||   377
         Headbutt          |     8 |    23 |    43 |   108 |   197 |   305 |   408 |   323 ||  1415
         Broad axe         |       |       |    91 |   523 |   828 |  1268 |  1377 |   939 ||  5026
         Executioner's axe |       |       |       |       |    49 |       |       |       ||    49
  Throw: Javelin           |       |       |       |     4 |     3 |       |       |       ||     7
 Invoke: Heroism           |       |       |     1 |     2 |     4 |     3 |     7 |     2 ||    19
         Duel              |       |       |       |     1 |       |       |       |     1 ||     2
         Finesse           |       |       |       |       |     2 |     2 |     4 |     5 ||    13
  Evoke: Wand              |       |       |     9 |     3 |     4 |       |       |       ||    16
    Use: Scroll            |     6 |     4 |     4 |    14 |     9 |     3 |     3 |     4 ||    47
         Potion            |       |       |     6 |     1 |       |       |     4 |    10 ||    21
   Stab: Paralysed         |       |       |     3 |     2 |     1 |       |       |       ||     6
         Distracted        |       |       |       |     1 |       |       |       |     1 ||     2
         Petrified         |       |       |       |     3 |       |       |       |       ||     3
 Armour: Scale mail        |    22 |       |       |       |       |       |       |       ||    22
         Chain mail        |    16 |     6 |       |       |       |       |       |       ||    22
         Gold dragon scale |       |    87 |   255 |   348 |    46 |       |       |       ||   736
         Crystal plate arm |       |       |       |       |   602 |   717 |   522 |   296 ||  2137
  Dodge: Dodged            |    30 |    20 |    58 |   109 |   295 |   442 |   330 |   297 ||  1581
  Block: Buckler           |    23 |    31 |   139 |   220 |   267 |       |       |       ||   680
         Reflection        |       |       |     2 |     9 |    27 |    96 |    32 |    14 ||   180
         Kite shield       |       |       |       |       |   175 |  1153 |   924 |   139 ||  2391
         Other             |       |       |       |       |    13 |       |       |       ||    13
         Tower shield      |       |       |       |       |       |       |       |   814 ||   814

Table legend: (Time is in decaauts)
 A = Elapsed time spent in this place.
 B = Non-inter-level travel time spent in this place.
 C = Inter-level travel time spent in this place.
 D = Time resting spent in this place.
 E = Time spent auto-exploring this place.
 F = Levels seen in this place.
 G = Mean time per level.
                   A        B        C        D        E       F      G
               +--------+--------+--------+--------+--------+-----+--------+
         Total |  43422 |  39817 |   3605 |   4343 |  26896 |  48 |  904.6 |
       Dungeon |  14005 |  12682 |   1323 |   1110 |   9253 |  15 |  933.7 |
        Temple |    110 |     78 |     32 |      0 |     62 |   1 |  110.0 |
          Lair |   4990 |   4426 |    564 |      0 |   3627 |   5 |  998.0 |
         Swamp |   3454 |   3330 |    124 |    793 |   1865 |   4 |  863.5 |
     Snake Pit |   3165 |   2888 |    277 |    129 |   2009 |   4 |  791.2 |
  Orcish Mines |   1108 |   1027 |     81 |      0 |    793 |   2 |  554.0 |
        Vaults |   7356 |   6619 |    737 |    309 |   4764 |   5 | 1471.2 |
        Depths |   3716 |   3471 |    245 |    383 |   2375 |   4 |  929.0 |
           Zot |   4090 |   3872 |    218 |    739 |   2078 |   5 |  818.0 |
        Bailey |   1368 |   1368 |      0 |    880 |     69 |   1 | 1368.0 |
         Arena |     56 |     56 |      0 |      0 |      0 |   2 |   28.0 |
               +--------+--------+--------+--------+--------+-----+--------+

Top non-repeatable levels by time:
Vaults:4: 1850 daAuts
Vaults:5: 1634 daAuts
Vaults:2: 1459 daAuts
  Lair:1: 1459 daAuts
   Zot:1: 1395 daAuts
  Bailey: 1368 daAuts
     D:8: 1367 daAuts
 Swamp:3: 1366 daAuts
Vaults:1: 1364 daAuts
     D:4: 1272 daAuts
Depths:3: 1209 daAuts
     D:9: 1153 daAuts
     D:6: 1076 daAuts
Vaults:3: 1046 daAuts
  Lair:5: 1009 daAuts
